 Dungeon Crawl Stone Soup version 0.27.1-1-g398f81649c (webtiles) character file.

Game seed: 10487737519813274313

350 a11behringer the Chopper (level 6, -1/44 (47) HPs)
             Began as a Formicid Fighter on Sept 6, 2021.
             Slain by a vampire (3 damage)
             ... created by the anger of Yredelemnul
             ... on level 2 of the Dungeon.
             The game lasted 00:13:39 (3346 turns).

a11behringer the Chopper (Formicid Fighter)         Turns: 3346, Time: 00:13:40

HP:   -1/44 (47)    AC: 12    Str: 21    XL:     6   Next: 92%
MP:   6/6           EV:  4    Int:  7    God:
Gold: 201           SH:  9    Dex: 12    Spells: 5/5 levels left

rFire    . . .     SeeInvis +   a - +0 war axe
rCold    . . .     Faith    .   c - +0 kite shield
rNeg     . . .     Spirit   .   p - +0 plate armour
rPois    +         Reflect  .   (helmet unavailable)
rElec    .         Harm     .   (no cloak)
rCorr    .         Rampage  .   o - +0 pair of gloves
Will     .....                  (no boots)
Stlth    ..........             (no amulet)
HPRegen  0.14/turn              m - ring of poison resistance
MPRegen  0.10/turn              (no ring)

@: drained
A: permanent stasis, dig shafts and tunnels, antennae 3, four strong arms
a: Dig, Shaft Self


You were on level 2 of the Dungeon.
You visited 1 branch of the dungeon, and saw 4 of its levels.

You collected 201 gold pieces.

Inventory:

Hand Weapons
 a - a +0 war axe (weapon)
 i - a +1 vorpal hunting sling
Missiles
 k - 93 stones
Armour
 b - a +0 scale mail
 c - a +0 kite shield (worn)
 f - a +0 chain mail
 l - a +2 helmet
 o - a +0 pair of gloves (worn)
 p - a +0 plate armour (worn)
 r - a +0 plate armour
Jewellery
 m - a ring of poison resistance (left hand)
Wands
 d - a wand of digging (6)
Scrolls
 g - a scroll of identify
 h - a scroll of immolation {unknown}
 n - a scroll of vulnerability {unknown}
 q - a scroll of blinking {unknown}
 s - a scroll of enchant armour {unknown}
Potions
 e - 2 potions of haste
 j - a potion of heal wounds {unknown}


   Skills:
 - Level 3.3 Fighting
 * Level 6.7 Axes
 - Level 3.3 Armour
 - Level 0.3 Dodging
 - Level 3.6 Shields


You had 5 spell levels left.
You didn't know any spells.
Your spell library contained the following spells:

 Spells                   Type           Power      Damage    Failure   Level
 Corona                   Hex            0%         N/A       100%        1
 Ensorcelled Hibernation  Hex/Ice        0%         N/A       100%        2
 Tukima's Dance           Hex            0%         N/A       100%        3


Dungeon Overview and Level Annotations

Branches:
Dungeon (4/15)
 Temple: D:4-7

Altars:
Nemelex Xobeh
Yredelemnul


Innate Abilities, Weirdness & Mutations

You cannot be hasted, slowed, berserked, paralysed or teleported.
You can dig through walls and to a lower floor.
You have a pair of large antennae on your head. (SInv)
Your four strong arms can wield two-handed weapons with a shield.


Message History

There is a stone staircase leading up here.
The hobgoblin hits you but does no damage.
You climb upwards.
Found a stone staircase leading up.
There is a stone staircase leading down here.
You hit the hobgoblin.
The hobgoblin is moderately wounded.
The hobgoblin hits you but does no damage.
You slash the hobgoblin!
You kill the hobgoblin!
You sense a monster nearby.
There is a stone staircase leading up here.
You climb upwards.
There is a stone staircase leading down here.
Yredelemnul sends a servant to punish you.
A vampire comes into view.
You slash the vampire!
The vampire is moderately damaged.
You hit the vampire but do no damage.
The vampire is moderately damaged.
You block the vampire's attack. x2
You slash the vampire!
The vampire is heavily damaged.
The vampire hits you! The vampire bites you.
The vampire draws strength from your injuries!
You barely miss the vampire.
The vampire is heavily damaged.
The vampire hits you! The vampire bites you.
* * * LOW HITPOINT WARNING * * *
The vampire draws strength from your injuries!
You hit the vampire but do no damage.
The vampire is heavily damaged.
You block the vampire's attack. The vampire bites you.
* * * LOW HITPOINT WARNING * * *
The vampire draws strength from your injuries!
The vampire hits you.
* * * LOW HITPOINT WARNING * * *
The vampire completely misses you. You block the vampire's attack.
The vampire bites you.
You die...

#.# #.###. .## #.#
##.##.# #.# #.###
##..##.# #.#####
#...#
###......###.....##
###.#
#............##...##
#.#
#.##....^.......[.<.
#.#
#.##.#######.##...##
#.# #.##.# #.# .##
#.# ###.##@## #.# #
#.# ##...##.V######.#
#.# #.###......>....#
#.# #.# #.##.######.#
#.# #.###.##........#
#.####...###.########
#............# #
######..####.# #
#..## #.# #


You could see a vampire.

Vanquished Creatures
  Sigmund (D:4)
  A wraith (D:2)
  A bullfrog zombie (D:4)
  An iguana (D:4)
  A centaur skeleton (D:2)
  8 adders
  2 dart slugs
  3 orcs (D:3)
  2 endoplasms
  2 giant cockroaches
  5 goblins
  7 hobgoblins
  6 jackals
  5 kobolds
  2 quokkas
  6 ball pythons
  4 bats
  7 rats
64 creatures vanquished.

Notes
Turn   | Place    | Note
-------+----------+-------------------------------------------
     0 | D:1      | a11behringer the Formicid Fighter began the quest for the
                  | Orb.
     0 | D:1      | Reached XP level 1. HP: 18/18 MP: 1/1
   216 | D:1      | Reached XP level 2. HP: 24/24 MP: 2/2
   577 | D:1      | Reached skill level 3 in Axes
   766 | D:1      | Found a faded altar of an unknown god.
   774 | D:1      | Became a worshipper of Yredelemnul the Dark
   774 | D:1      | Reached * piety under Yredelemnul
   933 | D:1      | Fell from the grace of Yredelemnul
  1194 | D:2      | Reached XP level 3. HP: 6/29 MP: 3/3
  1463 | D:2      | You fall into a shaft and drop 1 floor!
  1463 | D:3      | Found a sparkling altar of Nemelex Xobeh.
  1567 | D:3      | Reached XP level 4. HP: 14/35 MP: 4/4
  1804 | D:3      | Reached skill level 4 in Axes
  2330 | D:2      | Reached XP level 5. HP: 40/41 MP: 5/5
  2353 | D:2      | Noticed a wraith
  2365 | D:2      | Killed a wraith
  2435 | D:2      | Reached skill level 5 in Axes
  2497 | D:2      | You fall into a shaft and drop 2 floors!
  2601 | D:4      | Noticed Sigmund
  2621 | D:4      | HP: 2/40 [Sigmund (7)]
  2623 | D:4      | Killed Sigmund
  2624 | D:4      | Reached skill level 6 in Axes
  2624 | D:4      | Reached XP level 6. HP: 2/47 MP: 6/6
  3337 | D:2      | Noticed a vampire
  3341 | D:2      | HP: 1/44 [vampire[the anger of Yredelemnul] (5)]
  3346 | D:2      | Slain by a vampire

Illustrated notes

Levels and vault maps discovered:
D:1:      nagdon_arrival_double_spiral, layout_loops_corners,
          ebering_ecumenical_altar_rust
D:2:      layout_loops_ring
D:3:      layout_loops_ring, worldfamousw_hep_ancestral_shrine,
          amcnicky_altar_gilded
D:4:      layout_gridville, jmf_multi_god_temple2, uniq_sigmund

Skill      XL: |  1  2  3  4  5 |
---------------+----------------+-----
Axes           | 3 4 6 |  6.7
Fighting       | |  3.3
Armour         | |  3.3
Dodging        | |  0.3
Shields        | |  3.6

Action                   |  1- 3 |  4- 6 || total
-------------------------+-------+-------++-------
Melee: War axe           |    93 |   139 ||   232
Invok: Renounce Religion |     1 |       ||     1
 Abil: Dig               |     1 |       ||     1
  Use: Scroll            |       |     1 ||     1
       Potion            |       |     1 ||     1
Armor: Chain mail        |    56 |    34 ||    90
       Plate armour      |       |    50 ||    50
Dodge: Dodged            |    30 |    32 ||    62
Block: Kite shield       |    50 |    83 ||   133
